 Dungeon Crawl Stone Soup version 0.28.0-53-g5a82cb258f (webtiles) character file.

Game seed: 11388410949012492545

992 fuccboisucc420 the Grave Robber (level 7, 0/49 HPs)
             Began as a Demonspawn Necromancer on July 19, 2022.
             Slain by an ogre
             ... wielding a +0 giant club
              (21 damage)
             ... on level 5 of the Dungeon.
             The game lasted 00:26:34 (6946 turns).

fuccboisucc420 the Grave Robber (DsNe)              Turns: 6946, Time: 00:26:35

Health: 0/49       AC:  8    Str:  9    XL:     7   Next: 98%
Magic:  6/14       EV: 11    Int: 18    God:
Gold:   119        SH:  0    Dex: 13    Spells: 15/16 levels left

rFire   . . .      SeeInvis .   d - +0 flail (vorpal)
rCold   . . .      Faith    .   (no shield)
rNeg    . . .      Spirit   .   n - +0 leather armour
rPois   .          Reflect  .   (helmet restricted)
rElec   +          Harm     .   j - +0 cloak
rCorr   .          Rampage  .   h - +3 pair of gloves of the Sea {rElec Slay+5}
Will    +....                   (no boots)
Stlth   ++........              e - amulet of the acrobat
HPRegen 0.16/turn               c - ring of willpower
MPRegen 0.14/turn               (no ring)

@: no status effects
A: claws 1, horns 1, foul stench 1, weakness stinger 2
a: no special abilities


You were on level 5 of the Dungeon.
You visited 1 branch of the dungeon, and saw 5 of its levels.

You collected 184 gold pieces.
You spent 65 gold pieces at shops.

Inventory:

Hand Weapons
 b - a +0 dagger
 d - a +0 vorpal flail (weapon)
Armour
 a - a +0 robe
 h - the +3 pair of gloves of the Sea (worn) {rElec Slay+5}
   (You found it on level 2 of the Dungeon)

   Slay:      It affects your accuracy & damage with ranged weapons and melee
   (+5).
   rElec:     It insulates you from electricity.
 j - a +0 cloak (worn)
 n - a +0 leather armour (worn)
Jewellery
 c - a ring of willpower (left hand)
 e - an amulet of the acrobat (around neck)
 k - an amulet of reflection
 p - a ring of see invisible
Wands
 i - a wand of digging (6)
Scrolls
 f - 3 scrolls of magic mapping
 o - 2 scrolls of identify
Potions
 g - 2 potions of degeneration
 l - a potion of resistance {unknown}
 m - 4 potions of curing {unknown}
 q - a potion of lignification {unknown}


   Skills:
 + Level 1.8 Fighting
 + Level 3.0 Maces & Flails
 + Level 1.7 Armour
 + Level 2.2 Dodging
 + Level 2.3 Stealth
 + Level 5.1 Spellcasting
 + Level 7.3 Necromancy


You had 15 spell levels left.
You knew the following spells:

 Your Spells              Type           Power      Damage    Failure   Level
a - Pain                  Necr           100%       1d9       1%          1

Your spell library contained the following spells:

 Spells                   Type           Power      Damage    Failure   Level
 Animate Skeleton         Necr           62%        N/A       1%          1
 Vampiric Draining        Necr           31%        2d8       2%          3
 Animate Dead             Necr           15%        N/A       9%          4
 Agony                    Necr           31%        N/A       24%         5


Dungeon Overview and Level Annotations

Branches:
Dungeon (5/15)
 Temple: D:4-7

Altars:
Dithmenos
Hepliaklqana
Nemelex Xobeh
Qazlal
Ru
Trog
Xom
Zin

Shops:
D:3 !


Innate Abilities, Weirdness & Mutations

You have sharp fingernails.
You have a pair of small horns on your head.
You may rarely emit foul miasma when damaged in melee.
You have a tail ending in a sharp stinger.


Message History

You kill the howler monkey!
You closely miss the hound. You headbutt the hound.
The hound is moderately wounded.
The hound bites you but does no damage. The hound barely misses you.
You hit the hound.
The hound is heavily wounded.
The hound closely misses you.
The howler monkey hoots and howls with incredible vigour!
The hound bites you but does no damage.
A centaur skeleton comes into view.
You closely miss the hound. You tail-slap the hound.
The hound is severely wounded.
The hound bites you but does no damage. x2
You barely miss the hound.
The hound is severely wounded.
The hound completely misses you. The hound barely misses you.
You thump the hound!
You kill the hound!
You sock the howler monkey! You headbutt the howler monkey.
You kill the howler monkey!
The centaur skeleton barely misses you.
The centaur skeleton closely misses you.
An ogre comes into view. It is wielding a +0 giant club.
Your Maces & Flails skill increases to level 3!
You thump the centaur skeleton!
The centaur skeleton is moderately damaged.
The centaur skeleton completely misses you.
The centaur skeleton kicks you.
You sock the centaur skeleton!
The centaur skeleton is severely damaged.
The centaur skeleton closely misses you.
The centaur skeleton kicks you but does no damage.
The centaur skeleton hits you but does no damage.
The centaur skeleton kicks you but does no damage.
You sock the centaur skeleton!
You destroy the centaur skeleton!
You closely miss the ogre. You headbutt the ogre.
The ogre is lightly wounded.
The ogre hits you with a +0 giant club!!
You die...

#.... .... .h# ###.# #S..# #
######.# #..#...#..# ##
.........###################.
.#.#...'.†O@[.............'.
#.....####################.
###...# ## ##### # #


You could see an ogre.

Vanquished Creatures
  Sigmund (D:5)
  A necrophage (D:4)
  2 phantoms (D:5)
  A bullfrog (D:5)
  A scorpion (D:5)
  2 howler monkeys (D:5)
  2 centaur skeletons (D:5)
  A hound (D:5)
  An orc priest (D:3)
  A bullfrog skeleton (D:5)
  An iguana (D:4)
  2 orc wizards (D:3)
  A hound skeleton (D:4)
  7 adders
  3 worms (D:2)
  2 dart slugs (D:1)
  8 orcs
  6 ball pythons
  5 bats
  7 endoplasms
  11 giant cockroaches
  11 goblins
  10 hobgoblins
  5 kobolds
  A quokka (D:2)
  4 frilled lizards
  3 rats
100 creatures vanquished.

Notes
Turn   | Place    | Note
-------+----------+-------------------------------------------
     0 | D:1      | fuccboisucc420 the Demonspawn Necromancer began the quest
                  | for the Orb.
     0 | D:1      | Reached XP level 1. HP: 13/13 MP: 3/3
   427 | D:1      | Discovered your monstrous ancestry.
   427 | D:1      | Gained mutation: You have a small tail. [demonic ancestry]
   427 | D:1      | Reached XP level 2. HP: 16/19 MP: 0/5
   742 | D:1      | Reached skill level 5 in Necromancy
  1446 | D:1      | Gained mutation: You have sharp fingernails. [demonic
                  | ancestry]
  1446 | D:1      | Reached XP level 3. HP: 15/24 MP: 0/6
  2742 | D:2      | Identified the +3 pair of gloves of the Sea {rElec Slay+5}
  2841 | D:2      | Found a faded altar of an unknown god.
  2851 | D:2      | Gained mutation: You have a pair of small horns on your
                  | head. [demonic ancestry]
  2851 | D:2      | Reached XP level 4. HP: 22/30 MP: 0/8
  3058 | D:2      | Found a sacrificial altar of Ru.
  4097 | D:3      | Found Eteireoh's Distillery.
  4105 | D:3      | Bought a potion of heal wounds for 65 gold pieces
  4512 | D:3      | Reached skill level 1 in Maces & Flails
  4512 | D:3      | Gained mutation: You may rarely emit foul miasma when
                  | damaged in melee. [demonic ancestry]
  4512 | D:3      | Reached XP level 5. HP: 32/35 MP: 6/10
  4905 | D:3      | Reached skill level 6 in Necromancy
  5741 | D:4      | Noticed a necrophage
  5781 | D:4      | Killed a necrophage
  5782 | D:4      | Gained mutation: You have a tail ending in a sharp stinger.
                  | [demonic ancestry]
  5782 | D:4      | Reached XP level 6. HP: 31/42 MP: 10/12
  5804 | D:4      | Found Cagathrao's Jewellery Shoppe.
  5926 | D:4      | Found a hazy altar of Hepliaklqana.
  5934 | D:4      | Found a shimmering altar of Xom.
  5946 | D:4      | Found a sparkling altar of Nemelex Xobeh.
  6252 | D:5      | Entered Level 5 of the Dungeon
  6534 | D:5      | Noticed Sigmund
  6557 | D:5      | Reached XP level 7. HP: 18/47 MP: 10/13
  6569 | D:5      | Killed Sigmund
  6570 | D:5      | Reached skill level 1 in Armour
  6570 | D:5      | Reached skill level 7 in Necromancy
  6822 | D:5      | Found a stormy altar of Qazlal.
  6832 | D:5      | Found a shadowy altar of Dithmenos.
  6842 | D:5      | Reached skill level 1 in Fighting
  6848 | D:5      | Found a bloodstained altar of Trog.
  6857 | D:5      | Became a worshipper of Dithmenos the Shadowed
  6864 | D:5      | Fell from the grace of Dithmenos
  6920 | D:5      | Reached skill level 5 in Spellcasting
  6946 | D:5      | Slain by an ogre

Illustrated notes

Levels and vault maps discovered:
D:1:      matt_arrival_spirals, layout_basic, minmay_tetromino_o2
D:2:      layout_basic, basic_altar, basic_ecumenical_altar
D:3:      layout_loops_corners, serial_shops, shop, minmay_misc_feat_tiny
D:4:      layout_loops_cross, minitemple, serial_shops, nicolae_shop_stone
D:5:      layout_basic, gammafunk_temple_overflow_forgotten, minmay_between,
          uniq_sigmund

Skill      XL: |  1  2  3  4  5  6  7 |
---------------+----------------------+-----
Necromancy     | 5 6 7 |  7.3
Spellcasting   | 3 4 5 |  5.1
Maces & Flails | 1 3 |  3.0
Dodging        | 2 |  2.2
Stealth        | 2 |  2.3
Armour         | 1 |  1.7
Fighting       | 1 |  1.8

Action                   |  1- 3 |  4- 6 |  7- 9 || total
-------------------------+-------+-------+-------++-------
Melee: Dagger            |     1 |       |       ||     1
       Unarmed           |     1 |       |       ||     1
       Flail             |    18 |    30 |    26 ||    74
       Tailslap          |     2 |     7 |     3 ||    12
       Headbutt          |       |     7 |     5 ||    12
 Cast: Pain              |    75 |   106 |    16 ||   197
Invok: Renounce Religion |       |       |     1 ||     1
  Use: Scroll            |       |     7 |       ||     7
       Potion            |       |     1 |       ||     1
Armor: Robe              |    16 |    27 |       ||    43
       Leather armour    |       |     9 |    23 ||    32
Dodge: Dodged            |    20 |    52 |    29 ||   101
